 Dungeon Crawl Stone Soup version 0.28-a0-895-g6e5f11bd55 (webtiles) character file.

Game seed: 8211781604920472431

245 patchburns1 the Ruffian (level 5, -6/53 HPs)
             Began as a Troll Berserker on Nov 22, 2021.
             Was a Priest of Trog.
             Mangled by a kobold brigand (9 damage)
             ... in a sewer.
             The game lasted 00:08:36 (1984 turns).

patchburns1 the Ruffian (Troll Berserker)           Turns: 1984, Time: 00:08:37

Health: -6/53      AC:  4    Str: 25    XL:     5   Next: 84%
Magic:  4/4        EV: 10    Int:  4    God:    Trog [***...]
Gold:   125        SH:  0    Dex:  9    Spells: 4/4 levels left

rFire   . . .      SeeInvis .     - Unarmed
rCold   . . .      Faith    .   (no shield)
rNeg    . . .      Spirit   .   a - +0 animal skin
rPois   .          Reflect  .   (helmet restricted)
rElec   .          Harm     .   (no cloak)
rCorr   .          Rampage  .   (gloves unavailable)
Will    .....                   (boots unavailable)
Stlth   +.........              (no amulet)
HPRegen 1.17/turn               (no ring)
MPRegen 0.09/turn               (no ring)

@: lethally poisoned (-6 -> -6), slowed, invisible, very slow
A: large, unfitting armour, claws 3, regeneration 1, shaggy fur 1, tough skin 1
a: Renounce Religion, Berserk, Trog's Hand


You were in a sewer.
You worshipped Trog.
Trog was most pleased with you.
You visited 1 branch of the dungeon, and saw 3 of its levels.
You also visited: Sewer.

You collected 125 gold pieces.

Inventory:

Missiles
 b - 82 stones (quivered)
 g - 22 bolts
 h - a curare-tipped dart
 k - 13 sling bullets
 m - a throwing net
 q - 2 poisoned darts
Armour
 a - a +0 animal skin (worn)
Scrolls
 c - 2 scrolls of identify {unknown}
 d - 2 scrolls of teleportation {unknown}
 e - 4 scrolls of enchant weapon {unknown}
 o - a scroll of summoning {unknown}
Potions
 f - a potion of brilliance {unknown}
 i - a potion of invisibility
 j - a potion of curing {unknown}
 l - a potion of haste
 n - a potion of magic
 p - a potion of mutation {unknown}
 r - a potion of heal wounds
 s - a potion of might {unknown}


   Skills:
 * Level 3.3 Fighting
 + Level 1.0 Maces & Flails
 + Level 0.3 Throwing
 * Level 1.6 Armour
 * Level 3.2 Dodging
 + Level 0.8 Stealth
 * Level 3.9 Unarmed Combat
 + Level 0.8 Evocations


You had 4 spell levels left.
You didn't know any spells.
Your spell library was empty.

Dungeon Overview and Level Annotations

Branches:
Dungeon (3/15)              Sewer (1/1)

Altars:


Innate Abilities, Weirdness & Mutations

You are too large for most types of armour.
You have claws for hands.
Your natural rate of healing is unusually fast.
You are covered in fur. (AC +1)
You have tough skin. (AC +1)


Message History

You feel very sick. The kobold hits you with a +0 dagger.
The kobold throws a stone.
The stone barely misses you.
The stone hits the plant.
You scratch the kobold.
You kill the kobold!
Trog accepts your kill.
You feel sick.
A nearby plant withers and dies.
The kobold brigand throws a curare-tipped dart.
The curare-tipped dart hits you.
You are more poisoned.
You have difficulty breathing.
You feel as though you will be slow longer.
You feel very sick.
The kobold hits you with a +0 short sword. x2
You see here a +0 dagger.
You barely miss the kobold.
You feel very sick. The kobold brigand misses you.
The kobold barely misses you.
The kobold brigand splashes around in the water.
You closely miss the kobold.
You feel sick.
The kobold hits you with a +0 short sword.
The kobold brigand hits you with a +0 club.
The kobold hits you with a +0 short sword.
You barely miss the kobold.
You feel sick.
The kobold brigand hits you with a +0 club.
* * * LOW HITPOINT WARNING * * *
The kobold closely misses you.
The kobold brigand hits you with a +0 club.
* * * LOW HITPOINT WARNING * * *
You scratch the kobold. You claw the kobold.
You kill the kobold!
Trog accepts your kill.
You feel sick.
The kobold brigand hits you with a +0 club!
* * * LOW HITPOINT WARNING * * *
It was a potion of invisibility.
You fade into invisibility!
You feel sick.
The kobold brigand hits you with a +0 club!
You die...

##############≈#######≈
#≈≈≈≈≈≈≈≈≈≈≈≈≈≈≈≈≈≈≈
#≈≈≈≈≈≈≈≈≈≈≈≈≈≈≈≈≈≈≈
≈≈≈≈≈≈≈≈≈≈≈≈≈≈≈≈≈≈≈
######≈##########≈≈≈≈##
#..?.#≈P≈P...≈≈≈≈≈≈≈P≈≈
#.∩..'≈≈≈≈...≈≈≈≈≈≈≈≈≈P
#.).[)KP.≈.......≈≈≈P..
#@.....P..........
#......##....P....
##########...#....
#...#.... #####..## #


You could see a kobold brigand.

Vanquished Creatures
  A black bear (D:3)
  A kobold brigand (Sewer)
  A river rat (D:3)
  3 worms
  3 dart slugs
  8 ball pythons
  4 bats
  4 endoplasms
  2 giant cockroaches (D:1)
  6 goblins
  3 hobgoblins
  4 jackals (D:1)
  15 kobolds
  4 frilled lizards
  6 rats
65 creatures vanquished.

Vanquished Creatures (others)
  2 plants (Sewer)
2 creatures vanquished.

Grand Total: 67 creatures vanquished

Notes
Turn   | Place    | Note
-------+----------+-------------------------------------------
     0 | D:1      | patchburns1 the Troll Berserker began the quest for the
                  | Orb.
     0 | D:1      | Reached XP level 1. HP: 22/22 MP: 0/0
    82 | D:1      | Reached XP level 2. HP: 29/29 MP: 1/1
   390 | D:1      | Reached ** piety under Trog
   414 | D:1      | Reached XP level 3. HP: 36/36 MP: 2/2
  1074 | D:2      | Found a faded altar of an unknown god.
  1397 | D:3      | Noticed a black bear
  1405 | D:3      | Killed a black bear
  1406 | D:3      | Reached skill level 1 in Armour
  1406 | D:3      | Reached XP level 4. HP: 24/45 MP: 3/3
  1406 | D:3      | Reached XP level 5. HP: 29/53 MP: 4/4
  1620 | D:3      | Found a glowing drain.
  1637 | Sewer    | Entered a sewer
  1727 | Sewer    | Reached *** piety under Trog
  1775 | Sewer    | HP: 2/53 [kobold brigand (2)]
  1779 | Sewer    | Reached skill level 1 in Maces & Flails
  1984 | Sewer    | Mangled by a kobold brigand

Illustrated notes

Levels and vault maps discovered:
D:1:      kennysheep_arrival_forest, layout_loops_ring, minmay_misc_feat_x
D:2:      layout_basic, chequers_ecumenical_altar_simple
D:3:      layout_loops_ring, portal_sewer_entry_a
Sewer:    kennysheep_pipe_town

Skill      XL: |  1  2  3  4  5 |
---------------+----------------+-----
Fighting       | 3 |  3.3
Armour         | 1 |  1.6
Dodging        | 3 |  3.2
Maces & Flails | 1 |  1.0
Throwing       | |  0.3
Stealth        | |  0.8
Unarmed Combat | |  3.9
Evocations     | |  0.8

Action                   |  1- 3 |  4- 6 || total
-------------------------+-------+-------++-------
Melee: Unarmed           |    91 |    58 ||   149
       Punch             |       |     1 ||     1
Throw: Stone             |     2 |       ||     2
  Use: Potion            |       |     5 ||     5
 Stab: Sleeping          |     2 |       ||     2
Armor: Animal skin       |    29 |    16 ||    45
Dodge: Dodged            |    27 |    34 ||    61

Table legend: (Time is in decaauts)
 A = Elapsed time spent in this place.
 B = Non-inter-level travel time spent in this place.
 C = Inter-level travel time spent in this place.
 D = Time resting spent in this place.
 E = Time spent auto-exploring this place.
 F = Levels seen in this place.
 G = Mean time per level.
                   A        B        C        D        E       F      G
               +--------+--------+--------+--------+--------+-----+--------+
         Total |   1999 |   1966 |     33 |    145 |    958 |   4 |  499.8 |
       Dungeon |   1631 |   1598 |     33 |     20 |    912 |   3 |  543.7 |
         Sewer |    368 |    368 |      0 |    125 |     46 |   1 |  368.0 |
               +--------+--------+--------+--------+--------+-----+--------+

Top non-repeatable levels by time:
     D:1: 696 daAuts
     D:2: 637 daAuts
   Sewer: 368 daAuts
     D:3: 296 daAuts
